 Dungeon Crawl Stone Soup version 0.20-a0-11-ga97c7b5 (webtiles) character file.

2456 Maramoto the Geomancer (level 9, -5/49 HPs)
             Began as a Gargoyle Earth Elementalist on Nov 2, 2016.
             Was a Follower of Vehumet.
             Slain by a hog (10 damage)
             ... on level 7 of the Dungeon.
             The game lasted 00:19:18 (8513 turns).

Maramoto the Geomancer (GrEE)                       Turns: 8513, Time: 00:19:18

Health: -5/49      AC: 13    Str: 14    XL:     9   Next: 50%
Magic:  20/20      EV: 12    Int: 19    God:    Vehumet [*.....]
Gold:   264        SH:  0    Dex: 10    Spells: 3 memorised, 14 levels left

rFire  . . .     SeeInvis .     o - +0 rapier (elec)
rCold  . . .     Gourm    .     c - +0 robe
rNeg   + . .     Faith    .     (no shield)
rPois  ∞         Spirit   .     r - +2 helmet
rElec  +         Reflect  .     q - +1 cloak
rCorr  .         Harm     .     (no gloves)
MR     .....                    (no boots)
Stlth  ++........               (no amulet)
                                (no ring)
                                n - +2 ring of strength

@: about to teleport
A: negative energy resistance 1, electricity resistance, unbreathing,
petrification resistance, rot immunity, AC +5
a: Renounce Religion


You were on level 7 of the Dungeon.
You worshipped Vehumet.
Vehumet was aware of your devotion.
You were not hungry.

You visited 2 branches of the dungeon, and saw 8 of its levels.

You collected 264 gold pieces.

Inventory:

Hand Weapons
 h - a +0 short sword
 k - a +0 mace
 o - a +0 rapier of electrocution (weapon)
 p - a +4 quarterstaff of chaos
Missiles
 b - 128 stones (quivered)
Armour
 c - a +0 robe (worn)
 q - a +1 cloak (worn)
 r - a +2 helmet (worn)
Magical Staves
 w - an uncursed staff of wizardry
Jewellery
 n - a +2 ring of strength (left hand)
Wands
 t - a wand of flame (19/48)
 u - a wand of random effects (18/48)
Scrolls
 f - 6 scrolls of remove curse
 m - a scroll of teleportation
 v - a scroll of identify
Potions
 i - 2 potions of cancellation
 l - 2 potions of cure mutation
Books
 e - a book of Geomancy

   Spells                             Type                      Level
   a - Sandblast                      Earth                        1
   b - Passwall                       Transmutation/Earth          2
   c - Stone Arrow                    Conjuration/Earth            3
   d - Petrify                        Transmutation/Earth          4
   e - Lee's Rapid Deconstruction     Earth                        5
 j - a book of Misfortune

   Spells                             Type                      Level
   a - Confusing Touch                Hexes                        1
   b - Confuse                        Hexes                        3
   c - Gell's Gravitas                Hexes/Translocation          3
   d - Petrify                        Transmutation/Earth          4
   e - Metabolic Englaciation         Hexes/Ice                    5
   f - Yara's Violent Unravelling     Hexes/Transmutation          5
Comestibles
 a - a beef jerky
 d - 5 bread rations
 g - 4 meat rations


   Skills:
 + Level 2.4 Fighting
 + Level 2.2 Maces & Flails
 + Level 2.5 Armour
 + Level 2.5 Dodging
 - Level 2.1 Stealth
 * Level 7.8 Spellcasting
 + Level 5.5 Conjurations
   Level 0.7 Transmutations
 + Level 8.0 Earth Magic


You had 14 spell levels left.
You knew the following spells:

 Your Spells              Type           Power        Failure   Level  Hunger
a - Sandblast             Erth           #####.       1%          1    None
b - Stone Arrow           Conj/Erth      ####..       1%          3    #......
c - Lee's Rapid Deconstr  Erth           #####.....   12%         5    #####..


Dungeon Overview and Level Annotations

Branches:
Dungeon (7/15)             Temple (1/1) D:4

Altars:
Ashenzari
Cheibriados
Dithmenos
Elyvilon
Fedhas
Gozag
Hepliaklqana
Kikubaaqudgha
Makhleb
Nemelex Xobeh
Okawaru
Qazlal
Ru
Trog
Uskayaw
Vehumet
Xom
Yredelemnul
The Shining One

Shops:
D:5 !


Innate Abilities, Weirdness & Mutations

You are resistant to torment.
Your stone body is resilient. (AC +5)
You are immune to poison.
You resist negative energy. (rN+)
You are resistant to electric shocks. (rElec)
You can survive without breathing.
You are immune to petrification.
You are immune to rotting.


Message History

Zapping:
u - a wand of random effects {zapped: 11} (will waste charges)
Press: ? - help, Shift-Dir - straight line, f - hog, p - hog
Aim: a hog The hog flickers and vanishes!
Deactivating autopickup; reactivate with Ctrl-A.
Evoking this partially-identified wand wasted a few charges.
Something bites you. x2
* * * LOW HITPOINT WARNING * * *
Unknown command.
It was a potion of curing.
You feel better. Something bites you.
* * * LOW HITPOINT WARNING * * *
You closely miss something. Something bites you.
* * * LOW HITPOINT WARNING * * *
Something barely misses you. Something bites you but does no damage.
Something bites you!
* * * LOW HITPOINT WARNING * * *
As you read the scroll of teleportation, it crumbles to dust.
You feel strangely unstable. Something bites you!
You die...

####.##.# . #.#.#####
#...#..####.#.#.#
#.###.......#...#
##......#........#
...(.......>.#.#.#
[....<.........#.#
..##.###.#####.#.#
..#............#.#
..#..##.####.#.#@###
..#..#.....#.#.#.#<#
..#..#..#......#h#.#
..#..#..#....#.#h#.#
..#..####.##.#.#.#.#
..#.......##.#.#.#.###
..#.########.#.#.#...#
..#.## #.#<#.#.#.#
.....# #####.###.###.#


You could see 2 hogs.

Vanquished Creatures
  The ghost of Maramoto the Digger, a novice GrEE of Vehumet (D:4)
  A human (D:7)
  A hog (D:7)
  Menkaure (D:6)
  An orc warrior (D:6)
  An ice beast (D:5)
  A sky beast (D:5)
  An ogre (D:4)
  3 centaurs
  A phantom (D:4)
  2 bullfrogs (D:6)
  A scorpion (D:5)
  A howler monkey (D:6)
  A crimson imp (D:7)
  3 hounds
  2 jellies
  A quasit (D:5)
  4 orc priests
  Crazy Yiuf (D:2)
  A centaur skeleton (D:6)
  2 iguanas
  2 orc wizards
  2 worker ants
  A killer bee zombie (D:6)
  A worker ant zombie (D:6)
  Robin (D:2)
  9 gnolls
  9 adders
  3 shadow imps (D:6)
  2 adder skeletons
  4 worms
  5 dart slugs
  5 leopard geckos
  13 orcs
  7 giant cockroaches
  18 goblins
  9 hobgoblins
  12 jackals
  6 kobolds
  4 quokkas
  A ball python (D:6)
  4 bats
  5 frilled lizards
  A leopard gecko skeleton (D:6)
  A quokka skeleton (D:5)
  12 rats
168 creatures vanquished.

Vanquished Creatures (others)
  An orc wizard (D:5)
1 creature vanquished.

Grand Total: 169 creatures vanquished

Notes
Turn   | Place    | Note
-------+----------+-------------------------------------------
     0 | D:1      | Maramoto the Gargoyle Earth Elementalist began the quest for the Orb.
     0 | D:1      | Reached XP level 1. HP: 10/10 MP: 3/3
   127 | D:1      | You fall through a shaft!
   171 | D:2      | Reached XP level 2. HP: 15/15 MP: 1/5
   541 | D:1      | Reached skill level 4 in Earth Magic
   674 | D:1      | Reached XP level 3. HP: 15/19 MP: 7/7
   687 | D:1      | Learned a level 3 spell: Stone Arrow
  1906 | D:2      | Found a runed door.
  1910 | D:2      | Noticed Crazy Yiuf
  1916 | D:2      | Killed Crazy Yiuf
  1916 | D:2      | Reached skill level 1 in Conjurations
  1916 | D:2      | Reached XP level 4. HP: 13/24 MP: 1/9
  2396 | D:2      | Noticed Robin
  2406 | D:2      | Killed Robin
  2546 | D:2      | Reached XP level 5. HP: 18/28 MP: 10/10
  3008 | D:2      | Found a snail-covered altar of Cheibriados.
  3174 | D:3      | Reached skill level 5 in Earth Magic
  3469 | D:3      | Reached XP level 6. HP: 32/32 MP: 12/12
  3477 | D:3      | Learned a level 5 spell: Lee's Rapid Deconstruction
  4035 | D:4      | Noticed Maramoto's ghost (novice GrEE)
  4069 | D:4      | Killed Maramoto's ghost
  4069 | D:4      | Reached skill level 5 in Spellcasting
  4069 | D:4      | Reached XP level 7. HP: 12/36 MP: 8/15
  4289 | D:4      | Found a staircase to the Ecumenical Temple.
  4296 | Temple   | Entered the Ecumenical Temple
  4300 | Temple   | Became a worshipper of Vehumet
  4430 | D:4      | Reached skill level 6 in Earth Magic
  5085 | D:4      | Reached XP level 8. HP: 30/41 MP: 15/17
  5472 | D:5      | Entered Level 5 of the Dungeon
  5639 | D:5      | Reached skill level 7 in Earth Magic
  6282 | D:5      | Reached skill level 5 in Conjurations
  6411 | D:5      | Reached * piety under Vehumet
  6411 | D:5      | Offered knowledge of Sting by Vehumet.
  6635 | D:5      | Found Qeomon's Distillery.
  6827 | D:6      | Reached skill level 1 in Fighting
  6827 | D:6      | Reached skill level 1 in Maces & Flails
  6827 | D:6      | Reached skill level 1 in Armour
  6840 | D:6      | Noticed Menkaure
  6846 | D:6      | Killed Menkaure
  6846 | D:6      | Reached XP level 9. HP: 37/47 MP: 18/20
  8412 | D:7      | Found a burning altar of Makhleb.
  8413 | D:7      | Found a shimmering altar of Xom.
  8500 | D:7      | Reached skill level 8 in Earth Magic
  8513 | D:7      | Slain by a hog

Vault maps used:
D:1:      dpeg_arrival_three_smaller_balls, st_stairs_4
D:2:      lemuel_doored_altar, uniq_robin, uniq_crazy_yiuf_cottage
D:3:      first_bread, kennysheep_generic_room_3
D:5:      serial_shops, shop
D:6:      uniq_menkaure
D:7:      tgw_sif, grunt_temple_overflow_champion_of_chaos, grunt_livestock,
          uniq_pikel
Temple:   compressed_dpeg_circular_temple

Skill      XL: |  1  2  3  4  5  6  7  8  9 |
---------------+----------------------------+-----
Earth Magic    | 4 5 6 7 8 |  8.0
Spellcasting   | 3 4 5 6 7 |  7.8
Conjurations   | 1 2 3 4 5 |  5.5
Fighting       | 1 2 |  2.4
Maces & Flails | 1 2 |  2.2
Armour         | 1 2 |  2.5
Dodging        | 2 |  2.5
Stealth        | |  2.1
Transmutations | |  0.7

Action                   |  1- 3 |  4- 6 |  7- 9 || total
-------------------------+-------+-------+-------++-------
Melee: Short sword       |   111 |       |       ||   111
       Quarterstaff      |       |   177 |   119 ||   296
       Rapier            |       |       |   121 ||   121
 Cast: Sandblast         |    23 |     2 |    11 ||    36
       Stone Arrow       |     2 |     1 |     8 ||    11
Evoke: Wand              |       |       |    10 ||    10
  Use: Scroll            |       |     7 |     5 ||    12
       Potion            |       |     2 |     1 ||     3
 Stab: Petrified         |       |     2 |       ||     2
       Sleeping          |       |     4 |     5 ||     9
       Petrifying        |       |       |     1 ||     1
       Paralysed         |       |       |     2 ||     2
  Eat: Chunk             |     3 |     8 |    12 ||    23
       Fruit             |       |       |     3 ||     3
Armor: Robe              |    41 |    78 |   112 ||   231
Dodge: Dodged            |    73 |   120 |   165 ||   358
